Blues vs Oilers
Created - 17 mars 2013 at 18:57
Goals
|
| Blues |
0 |
2 |
1 |
3 |
| Oilers |
0 |
1 |
1 |
2 |
|
Shots
|
| Blues |
14 |
9 |
4 |
27 |
| Oilers |
19 |
3 |
9 |
31 |
|
1st period
No Goal
Penalties :
Darcy Hordichuk (STL) for High sticking (Minor) at 18:35
2nd period
1. Oilers , Ilya Kovalchuk 27 (Patrick Kaleta, Pascal Dupuis) at 6:24
2. Blues , Travis Zajac 19 (Paul Kariya, Dan Boyle) at 7:25
3. Blues , Paul Kariya 27 (Maxim Afinogenov, François Beauchemin) at 19:24 (PP)
Penalties :
Ilya Kovalchuk (Edm) for Hooking (Minor) at 1:47, Pascal Dupuis (Edm) for Holding (Minor) at 12:01, François Beauchemin (STL) for Roughing (Minor) at 15:59, Erik Rasmussen (Edm) for Slashing (Minor) at 19:08, Joe Pavelski (Edm) for Tripping (Minor) at 19:39
3rd period
4. Blues , Nik Antropov 20 (Brent Burns, Jamie Langenbrunner) at 1:03 (PP)
5. Oilers , Steve Begin 14 (Jonathan Toews, Kurtis Foster) at 16:48
Penalties :
Joe Callahan (Edm) for Interference (Minor) at 4:21
Goalie Stats
Tim Thomas (STL), 29 saves from 31 shots - (0,935), W, 13-11-0, 60:00 minutes
Cam Ward (Edm), 24 saves from 27 shots - (0,889), L, 17-18-4, 59:01 minutes
Players Stats for Blues
Player Name G A P +/- PIM S H SB GA TA FO MP PP MP PK MP
------------------------------------------------------------------------------------
Blake Wheeler 0 0 0 -1 0 1 2 0 0 0 0/0 11:12 0:00 0:42
Brent Burns 0 1 1 -2 0 0 1 0 0 0 0/0 20:27 4:25 0:50
Bryce Lampman 0 0 0 1 0 0 0 0 0 0 0/0 22:49 0:00 3:09
Christian Ehrhoff 0 0 0 -2 0 0 1 1 0 1 0/0 20:04 3:12 0:49
Dan Boyle 0 1 1 1 0 4 0 0 1 0 0/0 24:26 4:25 0:32
Darcy Hordichuk 0 0 0 0 2 0 0 0 0 0 0/0 13:38 0:00 0:37
Drew Fata 0 0 0 0 0 0 0 0 0 1 0/0 13:36 0:48 0:49
Éric Belanger 0 0 0 0 0 0 0 0 0 0 1/2 10:24 0:06 0:09
François Beauchemin 0 1 1 0 2 2 1 1 0 0 0/0 18:37 2:24 1:47
Jamie Langenbrunner 0 1 1 0 0 2 3 2 0 0 2/3 19:29 3:13 0:00
Matthew Lombardi 0 0 0 -1 0 2 1 0 0 1 3/4 13:07 0:06 2:42
Maxim Afinogenov 0 1 1 0 0 5 2 0 1 0 0/0 17:01 4:18 0:00
Nik Antropov 1 0 1 0 0 3 0 0 0 0 2/5 17:14 3:13 0:52
Paul Kariya 1 1 2 0 0 4 2 1 2 0 4/7 23:09 4:24 2:42
Ryan Malone 0 0 0 -1 0 2 2 1 0 1 0/0 13:50 3:13 0:12
Travis Zajac 1 0 1 0 0 1 1 0 0 1 10/33 19:07 4:18 0:00
Vaclav Varada 0 0 0 0 0 0 0 0 0 0 0/0 8:55 0:00 0:00
Ville Peltonen 0 0 0 0 0 1 2 1 0 0 0/0 8:55 0:00 0:00
Players Stats for Oilers
Player Name G A P +/- PIM S H SB GA TA FO MP PP MP PK MP
------------------------------------------------------------------------------------
Eric Nystrom 0 0 0 -1 0 1 1 0 0 0 0/0 12:20 0:00 3:35
Erik Rasmussen 0 0 0 -1 2 1 1 1 0 0 5/8 12:57 0:00 3:56
Ian White 0 0 0 0 0 0 0 0 0 1 0/0 18:42 1:56 0:39
Ilya Kovalchuk 1 0 1 1 2 6 5 0 0 0 0/0 16:51 1:59 0:06
Jiri Slegr 0 0 0 1 0 2 4 0 0 0 0/0 19:56 0:00 4:06
Joe Callahan 0 0 0 0 2 0 2 0 0 1 0/0 20:47 2:02 2:43
Joe Pavelski 0 0 0 1 2 3 1 0 0 0 1/2 15:13 1:59 0:00
Jonathan Toews 0 1 1 1 0 1 1 0 0 0 5/9 14:20 1:59 0:00
Kurtis Foster 0 1 1 0 0 1 2 0 0 0 0/0 19:00 2:02 0:09
Marty Reasoner 0 0 0 -1 0 0 3 0 0 0 5/6 12:18 0:00 3:35
Pascal Dupuis 0 1 1 0 2 1 0 0 0 0 0/0 12:19 0:00 0:00
Patrick Kaleta 0 1 1 1 0 0 0 0 0 0 0/0 12:23 0:00 0:00
Patrick Marleau 0 0 0 0 0 0 1 0 3 0 0/1 15:46 1:59 0:06
Pavel Datsyuk 0 0 0 0 0 5 2 0 0 1 8/15 16:53 1:59 0:00
Pierre-Marc Bouchard 0 0 0 1 0 4 0 0 0 0 7/12 14:31 1:59 0:00
Rob Scuderi 0 0 0 1 0 0 0 0 0 0 0/0 18:48 0:00 4:06
Steve Begin 1 0 1 1 0 6 0 0 1 1 1/1 16:21 0:00 3:56
Steve Montador 0 0 0 0 0 0 0 1 1 0 0/0 22:53 1:56 3:31
3 Stars
1 - Paul Kariya (STL)
2 - Ilya Kovalchuk (Edm)
3 - Steve Begin (Edm)
Power Play
Blues - 2 on 5 Attempt(s) - 40,00%
Oilers - 0 on 2 Attempt(s) - 0,00%
Penalty Kill
Blues - 2 on 2 Attempt(s) - 100,00%
- Score 0 goal in Penalty Kill
Oilers - 3 on 5 Attempt(s) - 60,00%
- Score 0 goal in Penalty Kill
Official
Referees : Banfield David and StLaurent Francois
Linesman : Mark Pare and Brad Kovachik
Game Notes
16:48 of 3rd period - Oilers goal is going for a video replay. After video review, Goal.
Finance
Level 1 -- Attendance: 6000 (100,00%) -- Ticket Income 486 000 $
Level 2 -- Attendance: 4455 (89,10%) -- Ticket Income 231 660 $
Level 3 -- Attendance: 1649 (82,45%) -- Ticket Income 56 066 $
Level 4 -- Attendance: 3020 (75,50%) -- Ticket Income 66 440 $
Luxury Box -- Attendance: 855 (85,50%) -- Ticket Income 152 190 $
Game was played at the Rexall Place
Total Attendance: 15979 (88,77%)
Total Ticket Income: 992 356 $
Total Income: 992 356 $
Blues
5 vs 5 Forward
Center Left Wing Right Wing Time % Phy DF OF
1 Travis Zajac Paul Kariya Jamie Langenbrunner 40 1 2 2
2 Nik Antropov Darcy Hordichuk Maxim Afinogenov 30 1 2 2
3 Matthew Lombardi Ryan Malone Blake Wheeler 20 1 2 2
4 Éric Belanger Ville Peltonen Vaclav Varada 10 1 2 2
5 vs 5 Defense
Defense Defense Time % Phy DF OF
1 Dan Boyle Bryce Lampman 40 1 2 2
2 Brent Burns Christian Ehrhoff 30 1 2 2
3 François Beauchemin Drew Fata 20 1 2 2
4 Dan Boyle François Beauchemin 10 1 2 2
PowerPlay Forward
Center Left Wing Right Wing Time % Phy DF OF
1 Travis Zajac Paul Kariya Maxim Afinogenov 55 0 1 4
2 Nik Antropov Ryan Malone Jamie Langenbrunner 45 0 1 4
PowerPlay Defense
Defense Defense Time % Phy DF OF
1 Dan Boyle Brent Burns 60 0 2 3
2 François Beauchemin Christian Ehrhoff 40 0 2 3
Penalty Kill 4 Players Forward
Center Wing Time % Phy DF OF
1 Paul Kariya Matthew Lombardi 60 1 3 1
2 Nik Antropov Darcy Hordichuk 40 1 3 1
Penalty Kill 4 Players Defense
Defense Defense Time % Phy DF OF
1 Bryce Lampman François Beauchemin 60 2 3 0
2 Christian Ehrhoff Drew Fata 40 2 3 0
Penalty Kill - 3 Players Forward
Forward Time % Phy DF OF
1 Jamie Langenbrunner 60 1 3 1
2 Paul Kariya 40 1 3 1
Penalty Kill - 3 Players Defense
Defense Defense Time % Phy DF OF
1 Dan Boyle Brent Burns 60 2 3 0
2 Bryce Lampman Christian Ehrhoff 40 2 3 0
4 vs 4 Forward
Center Wing Time % Phy DF OF
1 Travis Zajac Maxim Afinogenov 60 1 2 2
2 Nik Antropov Paul Kariya 40 1 2 2
4 vs 4 Defense
Defense Defense Time % Phy DF OF
1 Dan Boyle François Beauchemin 60 1 2 2
2 Bryce Lampman Brent Burns 40 1 2 2
Last Minutes Offensive
Center Left Wing Right Wing Defense Defense
Travis Zajac Paul Kariya Jamie Langenbrunner Dan Boyle Brent Burns
Last Minutes Defensive
Center Left Wing Right Wing Defense Defense
Éric Belanger Paul Kariya Jamie Langenbrunner Bryce Lampman Drew Fata
Goaltenders
Starting : Tim Thomas
Backup : Tuukka Rask
Extra Forwards
Normal : Blake Wheeler, Matthew Lombardi, Maxim Afinogenov - PP : Éric Belanger, Matthew Lombardi - PK : Blake Wheeler
Extra Defensemen
Normal : François Beauchemin, Dan Boyle, Bryce Lampman - PP : Drew Fata - PK : Brent Burns, Dan Boyle
Penalty Shots
Maxim Afinogenov, Paul Kariya, Nik Antropov, Travis Zajac, Ryan Malone
Oilers
5 vs 5 Forward
Center Left Wing Right Wing Time % Phy DF OF
1 Pierre-Marc Bouchard Ilya Kovalchuk Patrick Kaleta 30 1 2 2
2 Pavel Datsyuk Patrick Marleau Pascal Dupuis 30 1 2 2
3 Jonathan Toews Steve Begin Joe Pavelski 30 1 2 2
4 Erik Rasmussen Eric Nystrom Marty Reasoner 10 1 3 1
5 vs 5 Defense
Defense Defense Time % Phy DF OF
1 Ian White Steve Montador 35 1 2 2
2 Kurtis Foster Joe Callahan 33 1 2 2
3 Jiri Slegr Rob Scuderi 27 1 2 2
4 Steve Montador Jiri Slegr 5 3 1 1
PowerPlay Forward
Center Left Wing Right Wing Time % Phy DF OF
1 Pierre-Marc Bouchard Ilya Kovalchuk Jonathan Toews 50 1 1 3
2 Pavel Datsyuk Patrick Marleau Joe Pavelski 50 1 1 3
PowerPlay Defense
Defense Defense Time % Phy DF OF
1 Ian White Steve Montador 50 0 2 3
2 Kurtis Foster Joe Callahan 50 0 2 3
Penalty Kill 4 Players Forward
Center Wing Time % Phy DF OF
1 Erik Rasmussen Steve Begin 50 1 3 1
2 Marty Reasoner Eric Nystrom 50 1 3 1
Penalty Kill 4 Players Defense
Defense Defense Time % Phy DF OF
1 Steve Montador Joe Callahan 50 1 3 1
2 Jiri Slegr Rob Scuderi 50 1 3 1
Penalty Kill - 3 Players Forward
Forward Time % Phy DF OF
1 Marty Reasoner 50 1 3 1
2 Pavel Datsyuk 50 1 3 1
Penalty Kill - 3 Players Defense
Defense Defense Time % Phy DF OF
1 Jiri Slegr Rob Scuderi 50 1 4 0
2 Ian White Steve Montador 50 1 4 0
4 vs 4 Forward
Center Wing Time % Phy DF OF
1 Pavel Datsyuk Joe Pavelski 50 1 1 3
2 Pierre-Marc Bouchard Ilya Kovalchuk 50 1 1 3
4 vs 4 Defense
Defense Defense Time % Phy DF OF
1 Ian White Steve Montador 50 1 2 2
2 Kurtis Foster Joe Callahan 50 1 2 2
Last Minutes Offensive
Center Left Wing Right Wing Defense Defense
Pavel Datsyuk Ilya Kovalchuk Joe Pavelski Steve Montador Kurtis Foster
Last Minutes Defensive
Center Left Wing Right Wing Defense Defense
Pavel Datsyuk Ilya Kovalchuk Joe Pavelski Steve Montador Ian White
Goaltenders
Starting : Cam Ward
Backup : Byron Dafoe
Extra Forwards
Normal : Pavel Datsyuk, Joe Pavelski, Ilya Kovalchuk - PP : Steve Begin, Patrick Kaleta - PK : Ilya Kovalchuk
Extra Defensemen
Normal : Kurtis Foster, Rob Scuderi, Steve Montador - PP : Jiri Slegr - PK : Ian White, Kurtis Foster
Penalty Shots
Ilya Kovalchuk, Pavel Datsyuk, Patrick Marleau, Joe Pavelski, Pierre-Marc Bouchard
% Time on Ice - Blues
Lines # - Real PCT - Wanted PCT - Time Play
Normal Forward
1 - 31% - 40% - 14:50
2 - 28% - 30% - 13:09
3 - 22% - 20% - 10:18
4 - 19% - 10% - 8:55
Normal Defense
1 - 41% - 40% - 19:13
2 - 34% - 30% - 16:03
3 - 21% - 20% - 10:06
4 - 4% - 10% - 1:50
PP Forward
1 - 58% - 55% - 4:24
2 - 42% - 45% - 3:13
PP Defense
1 - 58% - 60% - 4:25
2 - 42% - 40% - 3:12
PK Forward
1 - 78% - 60% - 3:06
2 - 22% - 40% - 0:52
PK Defense
1 - 79% - 60% - 3:09
2 - 21% - 40% - 0:49
PK3 Forward
1 - 0% - 60%
2 - 0% - 40%
PK3 Defense
1 - 0% - 60%
2 - 0% - 40%
44 Forward
1 - 0% - 60%
2 - 0% - 40%
44 Defense
1 - 0% - 60%
2 - 0% - 40%
Last Minute Offensive - 0:00
Last Minute Defensive - 1:13
Total
Forward - 60:00
Defense - 60:00
|
% Time on Ice - Oilers
Lines # - Real PCT - Wanted PCT - Time Play
Normal Forward
1 - 31% - 30% - 14:27
2 - 26% - 30% - 12:11
3 - 25% - 30% - 11:54
4 - 18% - 10% - 8:43
Normal Defense
1 - 33% - 35% - 15:46
2 - 33% - 33% - 15:46
3 - 31% - 27% - 14:35
4 - 2% - 5% - 1:08
PP Forward
1 - 50% - 50% - 1:59
2 - 50% - 50% - 1:59
PP Defense
1 - 49% - 50% - 1:56
2 - 51% - 50% - 2:02
PK Forward
1 - 53% - 50% - 4:02
2 - 47% - 50% - 3:35
PK Defense
1 - 46% - 50% - 3:31
2 - 54% - 50% - 4:06
PK3 Forward
1 - 0% - 50%
2 - 0% - 50%
PK3 Defense
1 - 0% - 50%
2 - 0% - 50%
44 Forward
1 - 0% - 50%
2 - 0% - 50%
44 Defense
1 - 0% - 50%
2 - 0% - 50%
Last Minute Offensive - 1:10
Last Minute Defensive - 0:00
Total
Forward - 60:00
Defense - 60:00
|
Play by Play
1st period
0:01 of 1st period - Travis Zajac wins face-off versus Pierre-Marc Bouchard in neutral zone.
0:38 of 1st period - Slapshot by Joe Pavelski.
0:38 of 1st period - Shot Misses the Net.
1:12 of 1st period - Wrist shot by Matthew Lombardi.
1:12 of 1st period - Stopped by Cam Ward with a rebound.
1:14 of 1st period - Slapshot by Blake Wheeler.
1:14 of 1st period - Shot Misses the Net.
1:16 of 1st period - Slapshot by Dan Boyle.
1:16 of 1st period - Shot Misses the Net.
1:18 of 1st period - Backhand shot by Matthew Lombardi.
1:18 of 1st period - Deflect By Ryan Malone.
1:18 of 1st period - Stopped by Cam Ward with a rebound.
2:52 of 1st period - Brent Burns is hit by Ilya Kovalchuk and loses puck.
3:18 of 1st period - Kurtis Foster is hit by Ville Peltonen and loses puck.
3:53 of 1st period - Slapshot by Dan Boyle.
3:53 of 1st period - Shot Misses the Net.
3:55 of 1st period - Snap shot by Maxim Afinogenov.
3:55 of 1st period - Stopped by Cam Ward with a rebound.
3:57 of 1st period - Snap shot by Nik Antropov.
3:57 of 1st period - Shot Misses the Net.
3:59 of 1st period - Snap shot by Dan Boyle.
3:59 of 1st period - Stopped by Cam Ward without a rebound.
4:00 of 1st period - Pierre-Marc Bouchard wins face-off versus Travis Zajac in Oilers zone.
4:09 of 1st period - Snap shot by Pierre-Marc Bouchard.
4:09 of 1st period - Stopped by Tim Thomas with a rebound.
4:11 of 1st period - Snap shot by Ilya Kovalchuk.
4:11 of 1st period - Stopped by Tim Thomas without a rebound.
4:12 of 1st period - Jonathan Toews wins face-off versus Travis Zajac in Blues zone.
6:22 of 1st period - Snap shot by Ilya Kovalchuk.
6:22 of 1st period - Shot Misses the Net.
6:30 of 1st period - Ilya Kovalchuk is hit by Ryan Malone and loses puck.
6:43 of 1st period - Wrist shot by Steve Begin.
6:43 of 1st period - Stopped by Tim Thomas with a rebound.
6:45 of 1st period - Snap shot by Steve Begin.
6:45 of 1st period - Shot Blocked by Jamie Langenbrunner.
6:53 of 1st period - Slapshot by Joe Pavelski.
6:53 of 1st period - Stopped by Tim Thomas without a rebound.
6:54 of 1st period - Pavel Datsyuk wins face-off versus Nik Antropov in Blues zone.
7:41 of 1st period - Wrist shot by Ilya Kovalchuk.
7:41 of 1st period - Shot Misses the Net.
7:43 of 1st period - Snap shot by Ilya Kovalchuk.
7:43 of 1st period - Shot Misses the Net.
7:45 of 1st period - Wrist shot by Ilya Kovalchuk.
7:45 of 1st period - Stopped by Tim Thomas without a rebound.
7:46 of 1st period - Pierre-Marc Bouchard wins face-off versus Travis Zajac in Blues zone.
8:05 of 1st period - Wrist shot by Pierre-Marc Bouchard.
8:05 of 1st period - Stopped by Tim Thomas with a rebound.
8:07 of 1st period - Snap shot by Jiri Slegr.
8:07 of 1st period - Stopped by Tim Thomas without a rebound.
8:08 of 1st period - Nik Antropov wins face-off versus Pavel Datsyuk in Blues zone.
8:21 of 1st period - Wrist shot by Pavel Datsyuk.
8:21 of 1st period - Stopped by Tim Thomas with a rebound.
8:58 of 1st period - Slapshot by Dan Boyle.
8:58 of 1st period - Stopped by Cam Ward without a rebound.
8:59 of 1st period - Matthew Lombardi wins face-off versus Pierre-Marc Bouchard in Oilers zone.
10:30 of 1st period - Matthew Lombardi is hit by Jonathan Toews.
10:40 of 1st period - Blake Wheeler is hit by Joe Callahan and loses puck.
11:01 of 1st period - Snap shot by Pascal Dupuis.
11:01 of 1st period - Stopped by Tim Thomas with a rebound.
11:03 of 1st period - Wrist shot by Pavel Datsyuk.
11:03 of 1st period - Shot Blocked by François Beauchemin.
11:54 of 1st period - Rob Scuderi is hit by Blake Wheeler and loses puck.
11:59 of 1st period - Snap shot by Blake Wheeler.
11:59 of 1st period - Stopped by Cam Ward with a rebound.
12:32 of 1st period - Darcy Hordichuk is hit by Ilya Kovalchuk and loses puck.
12:51 of 1st period - Slapshot by Maxim Afinogenov.
12:51 of 1st period - Stopped by Cam Ward without a rebound.
12:52 of 1st period - Erik Rasmussen wins face-off versus Travis Zajac in Oilers zone.
13:00 of 1st period - Icing by Erik Rasmussen.
13:01 of 1st period - Travis Zajac wins face-off versus Erik Rasmussen in Oilers zone.
13:04 of 1st period - Snap shot by Paul Kariya.
13:04 of 1st period - Stopped by Cam Ward without a rebound.
13:05 of 1st period - Travis Zajac wins face-off versus Pavel Datsyuk in Oilers zone.
13:10 of 1st period - Slapshot by Jamie Langenbrunner.
13:10 of 1st period - Stopped by Cam Ward without a rebound.
13:11 of 1st period - Pavel Datsyuk wins face-off versus Travis Zajac in Oilers zone.
13:36 of 1st period - Nik Antropov is hit by Jiri Slegr and loses puck.
14:05 of 1st period - Snap shot by Pierre-Marc Bouchard.
14:05 of 1st period - Stopped by Tim Thomas with a rebound.
14:07 of 1st period - Slapshot by Jiri Slegr.
14:07 of 1st period - Shot Misses the Net.
14:17 of 1st period - Eric Nystrom is hit by Brent Burns and loses puck.
14:28 of 1st period - Christian Ehrhoff is hit by Eric Nystrom and loses puck.
14:40 of 1st period - Brent Burns is hit by Joe Callahan and loses puck.
15:01 of 1st period - Snap shot by Nik Antropov.
15:01 of 1st period - Stopped by Cam Ward with a rebound.
15:03 of 1st period - Snap shot by Christian Ehrhoff.
15:03 of 1st period - Deflect By Maxim Afinogenov.
15:03 of 1st period - Stopped by Cam Ward with a rebound.
15:05 of 1st period - Snap shot by Nik Antropov.
15:05 of 1st period - Stopped by Cam Ward with a rebound.
15:07 of 1st period - Slapshot by Christian Ehrhoff.
15:07 of 1st period - Deflect By Maxim Afinogenov.
15:07 of 1st period - Stopped by Cam Ward without a rebound.
15:08 of 1st period - Travis Zajac wins face-off versus Pavel Datsyuk in Oilers zone.
15:38 of 1st period - Wrist shot by Joe Pavelski.
15:38 of 1st period - Stopped by Tim Thomas with a rebound.
15:40 of 1st period - Backhand shot by Steve Begin.
15:40 of 1st period - Stopped by Tim Thomas with a rebound.
15:42 of 1st period - Slapshot by Jonathan Toews.
15:42 of 1st period - Stopped by Tim Thomas with a rebound.
15:52 of 1st period - Snap shot by Eric Nystrom.
15:52 of 1st period - Stopped by Tim Thomas with a rebound.
16:00 of 1st period - Snap shot by Erik Rasmussen.
16:00 of 1st period - Stopped by Tim Thomas without a rebound.
16:01 of 1st period - Pierre-Marc Bouchard wins face-off versus Travis Zajac in Blues zone.
16:26 of 1st period - Dan Boyle is hit by Joe Pavelski and loses puck.
16:33 of 1st period - Snap shot by Joe Pavelski.
16:33 of 1st period - Shot Misses the Net.
16:35 of 1st period - Snap shot by Joe Pavelski.
16:35 of 1st period - Deflect By Steve Begin.
16:35 of 1st period - Stopped by Tim Thomas with a rebound.
16:37 of 1st period - Snap shot by Joe Pavelski.
16:37 of 1st period - Stopped by Tim Thomas without a rebound.
16:38 of 1st period - Pavel Datsyuk wins face-off versus Travis Zajac in Blues zone.
16:45 of 1st period - Snap shot by Pavel Datsyuk.
16:45 of 1st period - Stopped by Tim Thomas with a rebound.
17:29 of 1st period - Slapshot by Ryan Malone.
17:29 of 1st period - Stopped by Cam Ward with a rebound.
17:51 of 1st period - Christian Ehrhoff is hit by Marty Reasoner and loses puck.
18:14 of 1st period - Pascal Dupuis is hit by Jamie Langenbrunner and loses puck.
18:25 of 1st period - Dan Boyle is hit by Ilya Kovalchuk and loses puck.
18:35 of 1st period - Minor Penalty to Darcy Hordichuk for High sticking.
18:36 of 1st period - Pierre-Marc Bouchard wins face-off versus Paul Kariya in Blues zone.
18:37 of 1st period - Slapshot by Ilya Kovalchuk.
18:37 of 1st period - Stopped by Tim Thomas without a rebound.
18:38 of 1st period - Paul Kariya wins face-off versus Pierre-Marc Bouchard in Blues zone.
18:38 of 1st period - Paul Kariya is hit by Ilya Kovalchuk.
19:22 of 1st period - Snap shot by Nik Antropov.
19:22 of 1st period - Shot Misses the Net.
2nd period
0:01 of 2nd period - Paul Kariya wins face-off versus Pavel Datsyuk in neutral zone.
0:04 of 2nd period - Joe Pavelski is hit by Matthew Lombardi and loses puck.
0:35 of 2nd period - Penalty to Darcy Hordichuk is over, Darcy Hordichuk is back on ice.
0:38 of 2nd period - Snap shot by Pierre-Marc Bouchard.
0:38 of 2nd period - Shot Misses the Net.
1:47 of 2nd period - Minor Penalty to Ilya Kovalchuk for Hooking.
1:48 of 2nd period - Erik Rasmussen wins face-off versus Travis Zajac in Oilers zone.
3:00 of 2nd period - Icing by Ryan Malone.
3:01 of 2nd period - Nik Antropov wins face-off versus Erik Rasmussen in Blues zone.
3:06 of 2nd period - Steve Begin is hit by Jamie Langenbrunner and loses puck.
3:20 of 2nd period - Off-side.
3:21 of 2nd period - Marty Reasoner wins face-off versus Travis Zajac in neutral zone.
3:47 of 2nd period - Penalty to Ilya Kovalchuk is over, Ilya Kovalchuk is back on ice.
4:16 of 2nd period - Snap shot by Blake Wheeler.
4:16 of 2nd period - Shot Misses the Net.
4:18 of 2nd period - Snap shot by Dan Boyle.
4:18 of 2nd period - Shot Misses the Net.
4:20 of 2nd period - Slapshot by Dan Boyle.
4:20 of 2nd period - Stopped by Cam Ward with a rebound.
4:27 of 2nd period - Icing by Ian White.
4:28 of 2nd period - Jonathan Toews wins face-off versus Nik Antropov in Oilers zone.
5:10 of 2nd period - Pavel Datsyuk is hit by Paul Kariya.
6:03 of 2nd period - Darcy Hordichuk is hit by Jiri Slegr and loses puck.
6:22 of 2nd period - Wrist shot by Patrick Kaleta.
6:22 of 2nd period - Shot Misses the Net.
6:24 of 2nd period - Wrist shot by Ilya Kovalchuk.
6:24 of 2nd period - Goal by Ilya Kovalchuk - Blues : 0 - Oilers : 1.
6:25 of 2nd period - Travis Zajac wins face-off versus Jonathan Toews in neutral zone.
6:50 of 2nd period - Dan Boyle is hit by Pavel Datsyuk and loses puck.
7:15 of 2nd period - Wrist shot by Eric Nystrom.
7:15 of 2nd period - Deflect By Marty Reasoner.
7:15 of 2nd period - Shot Misses the Net.
7:15 of 2nd period - Puck is out of play.
7:16 of 2nd period - Travis Zajac wins face-off versus Erik Rasmussen in Blues zone.
7:25 of 2nd period - Snap shot by Paul Kariya.
7:25 of 2nd period - Deflect By Travis Zajac.
7:25 of 2nd period - Deflect By Kurtis Foster.
7:25 of 2nd period - Goal by Travis Zajac - Blues : 1 - Oilers : 1.
7:26 of 2nd period - Travis Zajac wins face-off versus Jonathan Toews in neutral zone.
7:35 of 2nd period - Slapshot by Joe Callahan.
7:35 of 2nd period - Shot Misses the Net.
8:15 of 2nd period - Wrist shot by Maxim Afinogenov.
8:15 of 2nd period - Stopped by Cam Ward with a rebound.
8:43 of 2nd period - Snap shot by Steve Begin.
8:43 of 2nd period - Stopped by Tim Thomas with a rebound.
9:11 of 2nd period - Dan Boyle is hit by Erik Rasmussen and loses puck.
9:18 of 2nd period - Eric Nystrom is hit by Ville Peltonen and loses puck.
9:45 of 2nd period - Slapshot by Dan Boyle.
9:45 of 2nd period - Shot Blocked by Erik Rasmussen.
9:47 of 2nd period - Snap shot by Éric Belanger.
9:47 of 2nd period - Shot Hit the Post.
9:49 of 2nd period - Wrist shot by Ville Peltonen.
9:49 of 2nd period - Stopped by Cam Ward without a rebound.
9:50 of 2nd period - Jonathan Toews wins face-off versus Travis Zajac in Oilers zone.
10:38 of 2nd period - Nik Antropov is hit by Pavel Datsyuk and loses puck.
10:47 of 2nd period - Slapshot by François Beauchemin.
10:47 of 2nd period - Stopped by Cam Ward without a rebound.
10:48 of 2nd period - Pierre-Marc Bouchard wins face-off versus Travis Zajac in Oilers zone.
10:58 of 2nd period - Patrick Kaleta is hit by Jamie Langenbrunner and loses puck.
11:03 of 2nd period - Slapshot by Paul Kariya.
11:03 of 2nd period - Stopped by Cam Ward with a rebound.
11:19 of 2nd period - Off-side.
11:20 of 2nd period - Pavel Datsyuk wins face-off versus Jamie Langenbrunner in neutral zone.
11:22 of 2nd period - Off-side.
11:23 of 2nd period - Pierre-Marc Bouchard wins face-off versus Travis Zajac in neutral zone.
11:26 of 2nd period - Wrist shot by Ilya Kovalchuk.
11:26 of 2nd period - Deflect By Patrick Kaleta.
11:26 of 2nd period - Shot Misses the Net.
11:26 of 2nd period - Puck is out of play.
11:27 of 2nd period - Travis Zajac wins face-off versus Pierre-Marc Bouchard in Blues zone.
11:36 of 2nd period - Snap shot by Ilya Kovalchuk.
11:36 of 2nd period - Shot Blocked by Christian Ehrhoff.
12:01 of 2nd period - Minor Penalty to Pascal Dupuis for Holding.
12:02 of 2nd period - Travis Zajac wins face-off versus Marty Reasoner in Oilers zone.
12:35 of 2nd period - Wrist shot by Jamie Langenbrunner.
12:35 of 2nd period - Stopped by Cam Ward without a rebound.
12:36 of 2nd period - Marty Reasoner wins face-off versus Paul Kariya in Oilers zone.
13:21 of 2nd period - Jiri Slegr is hit by Maxim Afinogenov and loses puck.
13:31 of 2nd period - Off-side.
13:32 of 2nd period - Erik Rasmussen wins face-off versus Travis Zajac in neutral zone.
14:01 of 2nd period - Penalty to Pascal Dupuis is over, Pascal Dupuis is back on ice.
14:26 of 2nd period - Wrist shot by Pierre-Marc Bouchard.
14:26 of 2nd period - Shot Blocked by Ville Peltonen.
14:52 of 2nd period - Brent Burns is hit by Jiri Slegr and loses puck.
15:09 of 2nd period - Eric Nystrom is hit by Maxim Afinogenov and loses puck.
15:58 of 2nd period - Snap shot by Pavel Datsyuk.
15:58 of 2nd period - Deflect By Pascal Dupuis.
15:58 of 2nd period - Shot Misses the Net.
15:58 of 2nd period - Puck is out of play.
15:59 of 2nd period - Joe Pavelski wins face-off versus Travis Zajac in Blues zone.
15:59 of 2nd period - Minor Penalty to François Beauchemin for Roughing.
16:00 of 2nd period - Pierre-Marc Bouchard wins face-off versus Paul Kariya in Blues zone.
16:07 of 2nd period - Slapshot by Ilya Kovalchuk.
16:07 of 2nd period - Shot Misses the Net.
16:31 of 2nd period - Slapshot by Pavel Datsyuk.
16:31 of 2nd period - Stopped by Tim Thomas without a rebound.
16:32 of 2nd period - Paul Kariya wins face-off versus Patrick Marleau in Blues zone.
16:38 of 2nd period - Icing by Pavel Datsyuk.
16:39 of 2nd period - Paul Kariya wins face-off versus Joe Pavelski in Oilers zone.
17:06 of 2nd period - Slapshot by Paul Kariya.
17:06 of 2nd period - Shot Misses the Net.
17:59 of 2nd period - Penalty to François Beauchemin is over, François Beauchemin is back on ice.
18:07 of 2nd period - Ville Peltonen is hit by Marty Reasoner and loses puck.
19:08 of 2nd period - Minor Penalty to Erik Rasmussen for Slashing.
19:09 of 2nd period - Marty Reasoner wins face-off versus Travis Zajac in Oilers zone.
19:16 of 2nd period - Snap shot by Maxim Afinogenov.
19:16 of 2nd period - Shot Misses the Net.
19:18 of 2nd period - Snap shot by Paul Kariya.
19:18 of 2nd period - Stopped by Cam Ward with a rebound.
19:20 of 2nd period - Snap shot by Paul Kariya.
19:20 of 2nd period - Shot Blocked by Steve Montador.
19:22 of 2nd period - Snap shot by Paul Kariya.
19:22 of 2nd period - Shot Misses the Net.
19:24 of 2nd period - Wrist shot by Paul Kariya.
19:24 of 2nd period - Goal by Paul Kariya - Blues : 2 - Oilers : 1.
19:25 of 2nd period - Travis Zajac wins face-off versus Jonathan Toews in neutral zone.
19:39 of 2nd period - Minor Penalty to Joe Pavelski for Tripping.
19:40 of 2nd period - Erik Rasmussen wins face-off versus Travis Zajac in Oilers zone.
3rd period
0:01 of 3rd period - Erik Rasmussen wins face-off versus Travis Zajac in neutral zone.
0:31 of 3rd period - Slapshot by Dan Boyle.
0:31 of 3rd period - Stopped by Cam Ward without a rebound.
0:32 of 3rd period - Marty Reasoner wins face-off versus Travis Zajac in Oilers zone.
0:59 of 3rd period - Snap shot by Nik Antropov.
0:59 of 3rd period - Shot Misses the Net.
1:01 of 3rd period - Slapshot by Brent Burns.
1:01 of 3rd period - Shot Misses the Net.
1:03 of 3rd period - Snap shot by Nik Antropov.
1:03 of 3rd period - Goal by Nik Antropov - Blues : 3 - Oilers : 1.
1:04 of 3rd period - Pavel Datsyuk wins face-off versus Travis Zajac in neutral zone.
1:15 of 3rd period - Travis Zajac is hit by Patrick Marleau and loses puck.
1:30 of 3rd period - Bryce Lampman is hit by Kurtis Foster and loses puck.
1:55 of 3rd period - Patrick Kaleta is hit by Blake Wheeler and loses puck.
2:12 of 3rd period - Ville Peltonen is hit by Marty Reasoner and loses puck.
2:34 of 3rd period - Icing by Ian White.
2:35 of 3rd period - Pavel Datsyuk wins face-off versus Travis Zajac in Oilers zone.
2:37 of 3rd period - Icing by Patrick Marleau.
2:38 of 3rd period - Pavel Datsyuk wins face-off versus Travis Zajac in Oilers zone.
2:43 of 3rd period - Snap shot by Jiri Slegr.
2:43 of 3rd period - Stopped by Tim Thomas with a rebound.
3:10 of 3rd period - Icing by Pavel Datsyuk.
3:11 of 3rd period - Pavel Datsyuk wins face-off versus Nik Antropov in Oilers zone.
3:16 of 3rd period - Nik Antropov is hit by Jiri Slegr.
3:36 of 3rd period - Rob Scuderi is hit by Ryan Malone and loses puck.
3:42 of 3rd period - Icing by Kurtis Foster.
3:43 of 3rd period - Jamie Langenbrunner wins face-off versus Pavel Datsyuk in Oilers zone.
4:21 of 3rd period - Minor Penalty to Joe Callahan for Interference.
4:22 of 3rd period - Marty Reasoner wins face-off versus Travis Zajac in Oilers zone.
5:11 of 3rd period - Erik Rasmussen is hit by Travis Zajac and loses puck.
6:21 of 3rd period - Penalty to Joe Callahan is over, Joe Callahan is back on ice.
6:43 of 3rd period - Slapshot by Ilya Kovalchuk.
6:43 of 3rd period - Shot Misses the Net.
7:55 of 3rd period - Wrist shot by Pavel Datsyuk.
7:55 of 3rd period - Shot Blocked by Ryan Malone.
7:57 of 3rd period - Wrist shot by Pavel Datsyuk.
7:57 of 3rd period - Stopped by Tim Thomas with a rebound.
8:05 of 3rd period - Wrist shot by Ilya Kovalchuk.
8:05 of 3rd period - Stopped by Tim Thomas without a rebound.
8:06 of 3rd period - Jonathan Toews wins face-off versus Travis Zajac in Blues zone.
8:19 of 3rd period - Snap shot by Jonathan Toews.
8:19 of 3rd period - Shot Misses the Net.
9:32 of 3rd period - Jiri Slegr is hit by Paul Kariya and loses puck.
9:45 of 3rd period - Rob Scuderi is hit by François Beauchemin and loses puck.
14:50 of 3rd period - Snap shot by Ville Peltonen.
14:50 of 3rd period - Shot Misses the Net.
14:52 of 3rd period - Slapshot by François Beauchemin.
14:52 of 3rd period - Stopped by Cam Ward without a rebound.
14:53 of 3rd period - Jonathan Toews wins face-off versus Éric Belanger in Oilers zone.
15:00 of 3rd period - Snap shot by Steve Begin.
15:00 of 3rd period - Stopped by Tim Thomas with a rebound.
15:02 of 3rd period - Snap shot by Joe Pavelski.
15:02 of 3rd period - Shot Misses the Net.
15:18 of 3rd period - Jamie Langenbrunner is hit by Kurtis Foster and loses puck.
16:17 of 3rd period - Snap shot by Ilya Kovalchuk.
16:17 of 3rd period - Stopped by Tim Thomas with a rebound.
16:19 of 3rd period - Snap shot by Pierre-Marc Bouchard.
16:19 of 3rd period - Stopped by Tim Thomas with a rebound.
16:34 of 3rd period - Icing by Pierre-Marc Bouchard.
16:35 of 3rd period - Matthew Lombardi wins face-off versus Pierre-Marc Bouchard in Oilers zone.
16:38 of 3rd period - Snap shot by Matthew Lombardi.
16:38 of 3rd period - Stopped by Cam Ward without a rebound.
16:39 of 3rd period - Steve Begin wins face-off versus Matthew Lombardi in Oilers zone.
16:46 of 3rd period - Wrist shot by Jonathan Toews.
16:46 of 3rd period - Shot Misses the Net.
16:48 of 3rd period - Snap shot by Steve Begin.
16:48 of 3rd period - Oilers goal is going for a video replay.
16:48 of 3rd period - The goal is good.
16:48 of 3rd period - Goal by Steve Begin - Blues : 3 - Oilers : 2.
16:49 of 3rd period - Matthew Lombardi wins face-off versus Jonathan Toews in neutral zone.
17:18 of 3rd period - Wrist shot by Jamie Langenbrunner.
17:18 of 3rd period - Shot Misses the Net.
17:39 of 3rd period - Eric Nystrom is hit by Christian Ehrhoff and loses puck.
17:56 of 3rd period - Brent Burns is hit by Ilya Kovalchuk and loses puck.
19:01 of 3rd period - Oilers, Cam Ward is pulled from the net.
19:23 of 3rd period - Snap shot by Pavel Datsyuk.
19:23 of 3rd period - Shot Blocked by Paul Kariya.
19:25 of 3rd period - Snap shot by Ilya Kovalchuk.
19:25 of 3rd period - Shot Misses the Net.
19:27 of 3rd period - Backhand shot by Kurtis Foster.
19:27 of 3rd period - Stopped by Tim Thomas without a rebound.
19:28 of 3rd period - Pat Quinn call a timeout for Oilers.
19:28 of 3rd period - Jamie Langenbrunner wins face-off versus Pavel Datsyuk in Blues zone.
19:42 of 3rd period - Snap shot by Joe Pavelski.
19:42 of 3rd period - Shot Blocked by Jamie Langenbrunner.
19:44 of 3rd period - Snap shot by Pavel Datsyuk.
19:44 of 3rd period - Stopped by Tim Thomas without a rebound.
19:45 of 3rd period - Éric Belanger wins face-off versus Pavel Datsyuk in Blues zone.
Output by the SimonT Hockey Simulator (STHS) for François Prévost -- Original Page W3C XHTML 1.0 Valid